 Dungeon Crawl Stone Soup version 0.31-a0-408-gb642c7f9a3 (webtiles) character file.

Game seed: 6558577045412960894

2414 arthad the Thaumaturge (level 9, 0/68 HPs)
             Began as a Gnoll Wanderer on July 29, 2023.
             Was an Initiate of Gozag.
             Slain by an orc warrior
             ... wielding a +0 war axe
              (9 damage)
             ... in a bailey.
             The game lasted 00:18:58 (6944 turns).

arthad the Thaumaturge (Gnoll Wanderer)             Turns: 6944, Time: 00:18:59

Health: 0/68       AC: 12    Str: 11    XL:     9   Next: 47%
Magic:  2/23       EV: 14    Int: 18    God:    Gozag
Gold:   822        SH:  0    Dex: 16    Spells: 19/28 levels left

rFire   . . .        K - staff of earth
rCold   . . .        (no shield)
rNeg    . . .        O - +2 leather armour {rPois}
rPois   +            J - +2 helmet
rElec   .            q - +1 cloak
rCorr   .            b - +0 pair of gloves
SInv    .            (no boots)
Will    .....        y - amulet of the acrobat
Stlth   +++          t - +6 ring of dexterity
HPRegen 0.31/turn    F - ring of flight
MPRegen 0.18/turn

%: acrobat
@: brilliant, flying, very slightly contaminated
A: fangs 1, strong nose, distributed training
a: Renounce Religion, Potion Petition, Call Merchant, Bribe Branch


You were in a bailey.
You worshipped Gozag.
Gozag was pleased with you.
You visited 1 branch of the dungeon, and saw 7 of its levels.
You also visited: Sewer and Bailey.

You collected 859 gold pieces.
You paid 37 gold pieces to Gozag.

Inventory:

Hand Weapons
 a - a +2 spear
 g - a +2 short sword of flaming
 k - a +2 dagger of venom
 p - a +4 quarterstaff of chaos
 L - a +1 spear of freezing
 M - a +1 hand axe of flaming
Missiles
 h - 21 poisoned darts
 w - 3 datura-tipped darts
 H - a curare-tipped dart
Armour
 b - a +0 pair of gloves (worn)
 d - a +0 robe
 e - a +0 helmet
 q - a +1 cloak (worn)
 u - a +1 leather armour of poison resistance
 J - a +2 helmet (worn)
 O - a +2 leather armour of poison resistance (worn)
Magical Staves
 K - a staff of earth (weapon)
Jewellery
 t - a +6 ring of dexterity (left hand)
 y - an amulet of the acrobat (around neck)
 F - a ring of flight (right hand)
Wands
 E - a wand of paralysis (5)
Scrolls
 j - a scroll of acquirement
 m - 5 scrolls of identify {unknown}
 n - 2 scrolls of immolation
 o - 2 scrolls of enchant armour {unknown}
 v - 2 scrolls of noise
 x - a scroll of amnesia {unknown}
 C - a scroll of blinking
 D - 2 scrolls of enchant weapon {unknown}
 G - a scroll of teleportation {unknown}
 P - a scroll of summoning {unknown}
Potions
 c - 2 potions of attraction
 f - a potion of berserk rage
 i - a potion of enlightenment {unknown}
 l - a potion of lignification {unknown}
 r - a potion of curing {unknown}
 s - 3 potions of brilliance
 z - 2 potions of degeneration {unknown}
 A - a potion of invisibility
 B - a potion of resistance {unknown}
 I - a potion of ambrosia {unknown}
 N - a potion of heal wounds {unknown}


   Skills:
 + Level 5.1 Fighting
 + Level 4.3 Short Blades
 + Level 4.3 Long Blades
 + Level 4.3 Axes
 + Level 4.3 Maces & Flails
 + Level 6.4 Polearms
 + Level 4.3 Staves
 + Level 4.3 Ranged Weapons
 + Level 4.3 Throwing
 + Level 4.3 Armour
 + Level 6.4 Dodging
 + Level 5.0 Stealth
 + Level 4.3 Shields
 + Level 4.3 Unarmed Combat
 + Level 10.3 Spellcasting
 + Level 3.6 Conjurations
 + Level 3.6 Hexes
 + Level 3.6 Summonings
 + Level 3.6 Necromancy
 + Level 3.6 Translocations
 + Level 3.6 Transmutations
 + Level 3.6 Fire Magic
 + Level 3.6 Ice Magic
 + Level 3.6 Air Magic
 + Level 3.6 Earth Magic
 + Level 3.6 Poison Magic
 + Level 4.8 Invocations
 + Level 4.3 Evocations
 + Level 3.6 Shapeshifting


You had 19 spell levels left.
You knew the following spells:

 Your Spells              Type           Power      Damage    Failure   Level
a - Stone Arrow           Conj/Erth      100%       3d13      7%          3
b - Teleport Other        Tloc           33%        N/A       7%          3
c - Swiftness             Air            33%        N/A       7%          3

Your spell library contained the following spells:

 Spells                   Type           Power      Damage    Failure   Level
 Ensorcelled Hibernation  Hex/Ice        66%        N/A       3%          2
 Lesser Beckoning         Tloc           66%        N/A       3%          2
 Passwall                 Tmut/Erth      41%        N/A       3%          2
 Gell's Gravitas          Tloc           33%        N/A       7%          3
 Animate Armour           Summ/Erth      100%       N/A       22%         4
 Cause Fear               Hex            16%        N/A       22%         4
 Fireball                 Conj/Fire      16%        3d8       52%         5
 Dispersal                Tloc           16%        N/A       98%         6
 Lehudib's Crystal Spear  Conj/Erth      25%        10d7      100%        8
 Chain Lightning          Conj/Air       16%        3d22      100%        9
 Dragon's Call            Summ           16%        N/A       100%        9
 Fire Storm               Conj/Fire      16%        8d4       100%        9
 Shatter                  Erth           25%        3d21*     100%        9


Dungeon Overview and Level Annotations

Branches:
Dungeon (7/15)             Temple (0/1) D:7           Sewer (visited)
 Bailey (1/1)

Altars:
Ashenzari
Cheibriados
Elyvilon
Fedhas
Gozag
Hepliaklqana
Kikubaaqudgha
Qazlal
Uskayaw
Vehumet
The Shining One

Shops:
D:5 :


Innate Abilities, Weirdness & Mutations

You have very sharp teeth.
Your uncanny sense of smell can sniff out nearby items.
Your experience applies equally to all skills.


Message History

Aim: an orc knight, wielding a +0 war axe and wearing a +0 ring mail (severely wounded, 67% to hit)
You feel a surge of power!
The stone arrow hits the orc knight!
The orc knight is almost dead.
The orc knight hits you with a +0 war axe!
Aiming: Stone Arrow (dangerous; 8% risk of failure)
Press: ? - help, Q - select action, (/) - cycle Shift-Dir - straight line, f/p - orc knight
Aim: an orc knight, wielding a +0 war axe and wearing a +0 ring mail (almost dead, 67% to hit)
You feel a surge of power!
The stone arrow hits the orc knight!!
You kill the orc knight!
You hear a splash. x2
The orc warrior barely misses you.
Your Fighting skill increases to level 5!
Your Stealth skill increases to level 5!
Aiming: Stone Arrow (dangerous; 7% risk of failure)
Press: ? - help, Q - select action, (/) - cycle Shift-Dir - straight line, f - orc warrior
Aim: an orc warrior, wielding a +0 war axe and wearing a +0 plate armour (74% to hit)
You feel a surge of power!
You miscast Stone Arrow.
You are very lightly contaminated with residual magic.
Nothing appears to happen.
The orc warrior hits you with a +0 war axe.
Aiming: Stone Arrow (dangerous; 7% risk of failure)
Press: ? - help, Q - select action, (/) - cycle Shift-Dir - straight line, f/p - orc warrior
Aim: an orc warrior, wielding a +0 war axe and wearing a +0 plate armour (74% to hit)
You feel a surge of power!
The stone arrow hits the orc warrior!
The orc warrior is heavily wounded.
The orc warrior hits you with a +0 war axe!
* * * LOW HITPOINT WARNING * * *
Aiming: Stone Arrow (dangerous; 7% risk of failure)
Press: ? - help, Q - select action, (/) - cycle Shift-Dir - straight line, f/p - orc warrior
Aim: an orc warrior, wielding a +0 war axe and wearing a +0 plate armour (heavily wounded, 74% to hit)
You feel a surge of power!
The stone arrow hits the orc warrior.
The orc warrior is severely wounded.
The orc warrior barely misses you.
You don't have enough magic to cast this spell.
You don't have enough magic to cast this spell.
It was a potion of brilliance.
You feel clever all of a sudden.
The orc warrior hits you with a +0 war axe!
You die...
Your body crumbles into a pile of gold.

... #.♣ #'###..♣♣
#.~~~...♣ #.~~~...♣
#.~~~...∩ .......
#.~~~...♣
..8...8..~#o$~~...♣ #
~.........~#@### ...
~[?8..o8?}~#$..## ...#
~~#####~~##....##
....####...####......##
......................#
..8...).........8..8..#
.......(..............#
........(.(.)........##
..8...##)''##...8...##


You could see an orc warrior.

Vanquished Creatures
  An orc knight (Bailey)
  A wraith (D:6)
  Duvessa (D:4)
  3 ice beasts
  An orc warrior (Bailey)
  A black bear (D:6)
  2 phantoms
  A kobold brigand (D:5)
  2 bullfrogs (Sewer)
  Dowan (D:4)
  A howler monkey (D:5)
  A crimson imp (D:3)
  Crazy Yiuf (D:2)
  2 orc priests
  2 hounds
  A jelly (D:5)
  A gnoll bouda (D:3)
  2 sleepcaps
  3 iguanas
  Natasha (D:2)
  4 orc wizards (D:6)
  Robin (D:2)
  5 gnolls
  14 adders
  An ufetubus (D:5)
  4 worms
  A dart slug (D:1)
  22 orcs
  6 endoplasms
  10 giant cockroaches
  12 hobgoblins
  6 jackals
  7 quokkas
  12 ball pythons
  8 bats
  12 frilled lizards
  22 goblins
  2 goblin zombies (D:3)
  3 hobgoblin zombies (D:3)
  18 kobolds
  A kobold skeleton (D:3)
  A kobold zombie (D:3)
  An orc skeleton (D:3)
  7 rats
209 creatures vanquished.

Notes
Turn   | Place    | Note
-------+----------+-------------------------------------------
     0 | D:1      | Reached skill level 9 in Spellcasting
     0 | D:1      | arthad the Gnoll Wanderer began the quest for the Orb.
     0 | D:1      | arthad set off with the following items: a +2 spear, a +0
                  | pair of gloves, a potion of attraction, a +0 robe.
     0 | D:1      | Reached XP level 1. HP: 17/17 MP: 10/10
   297 | D:1      | Reached XP level 2. HP: 23/23 MP: 12/12
   787 | D:1      | Reached XP level 3. HP: 28/28 MP: 13/13
  1173 | D:2      | Reached skill level 1 in Invocations
  1307 | D:2      | Reached skill level 1 in Short Blades
  1307 | D:2      | Reached skill level 1 in Long Blades
  1307 | D:2      | Reached skill level 1 in Axes
  1307 | D:2      | Reached skill level 1 in Maces & Flails
  1307 | D:2      | Reached skill level 1 in Staves
  1307 | D:2      | Reached skill level 1 in Ranged Weapons
  1307 | D:2      | Reached skill level 1 in Throwing
  1307 | D:2      | Reached skill level 1 in Armour
  1307 | D:2      | Reached skill level 1 in Shields
  1307 | D:2      | Reached skill level 1 in Unarmed Combat
  1307 | D:2      | Reached skill level 1 in Evocations
  1400 | D:2      | Reached XP level 4. HP: 34/34 MP: 15/15
  1520 | D:2      | Noticed Robin
  1542 | D:2      | Killed Robin
  1543 | D:2      | Reached skill level 1 in Conjurations
  1543 | D:2      | Reached skill level 1 in Hexes
  1543 | D:2      | Reached skill level 1 in Summonings
  1543 | D:2      | Reached skill level 1 in Necromancy
  1543 | D:2      | Reached skill level 1 in Translocations
  1543 | D:2      | Reached skill level 1 in Transmutations
  1543 | D:2      | Reached skill level 1 in Fire Magic
  1543 | D:2      | Reached skill level 1 in Ice Magic
  1543 | D:2      | Reached skill level 1 in Air Magic
  1543 | D:2      | Reached skill level 1 in Earth Magic
  1543 | D:2      | Reached skill level 1 in Poison Magic
  1543 | D:2      | Reached skill level 1 in Shapeshifting
  1688 | D:2      | Noticed Natasha
  1702 | D:2      | Killed Natasha
  1703 | D:2      | Reached XP level 5. HP: 26/40 MP: 16/16
  1817 | D:2      | Found a runed translucent door.
  1818 | D:2      | Noticed Crazy Yiuf
  1913 | D:2      | Killed Crazy Yiuf
  2109 | D:3      | Found a glowing golden altar of the Shining One.
  2230 | D:3      | Found a blossoming altar of Fedhas.
  2736 | D:4      | Reached XP level 6. HP: 47/47 MP: 18/18
  2754 | D:4      | Found an ancient bone altar of Kikubaaqudgha.
  2959 | D:4      | Noticed Dowan
  2968 | D:4      | Learned a level 3 spell: Stone Arrow
  2972 | D:4      | Learned a level 3 spell: Teleport Other
  2974 | D:4      | Noticed Duvessa
  3006 | D:4      | Reached skill level 5 in Polearms
  3006 | D:4      | Reached skill level 5 in Dodging
  3126 | D:4      | Killed Duvessa
  3130 | D:4      | Killed Dowan
  3131 | D:4      | Reached XP level 7. HP: 52/52 MP: 6/20
  3257 | D:4      | Found a white marble altar of Elyvilon.
  3269 | D:4      | Found a radiant altar of Vehumet.
  3430 | D:4      | Found an opulent altar of Gozag.
  3486 | D:4      | Became a worshipper of Gozag Ym Sagoz the Greedy
  3577 | D:4      | Found a broken altar of Ashenzari.
  3640 | D:4      | Learned a level 3 spell: Swiftness
  3668 | D:4      | Found a hazy altar of Hepliaklqana.
  3715 | D:5      | Entered Level 5 of the Dungeon
  3979 | D:5      | Found a glowing drain.
  4072 | D:5      | Found Dienus's Book Emporium.
  4085 | Sewer    | Entered a sewer
  4452 | Sewer    | Reached XP level 8. HP: 54/60 MP: 21/21
  4610 | D:5      | Found a hide-covered altar of Uskayaw.
  5048 | D:6      | Noticed a wraith
  5056 | D:6      | Killed a wraith
  5057 | D:6      | Reached skill level 10 in Spellcasting
  5857 | D:6      | Reached XP level 9. HP: 66/66 MP: 13/23
  5926 | D:6      | Found a snail-covered altar of Cheibriados.
  5935 | D:6      | Found a stormy altar of Qazlal.
  6576 | D:7      | Found a flagged portal.
  6734 | Bailey   | Entered a bailey
  6740 | Bailey   | Noticed an orc warlord
  6925 | Bailey   | Noticed an orc knight
  6940 | Bailey   | Killed an orc knight
  6941 | Bailey   | Reached skill level 5 in Fighting
  6941 | Bailey   | Reached skill level 5 in Stealth
  6944 | Bailey   | Slain by an orc warrior

Illustrated notes

Levels and vault maps discovered:
D:1:      psy_arrival_conway, layout_basic, minmay_misc_feat_five, nrook_uturn,
          grunt_decor_junction
D:2:      kb_forest_paths, layout_rooms, minmay_pentomino_v4, uniq_robin,
          uniq_crazy_yiuf_cottage, uniq_natasha
D:3:      layout_rooms, fedhas_altar_1, nicolae_tso_besieged_by_evil,
          hangedman_decor_growths
D:4:      layout_loops_cross, kiku_gazebo_garden_becter, amcnicky_altar_gilded,
          grunt_temple_overflow_open, mainiacjoe_overflow_two_lobes,
          uniq_duvessa
D:5:      layout_rooms, mainiacjoe_overflow_six_doors_small, serial_shops,
          nicolae_shop_behind_doors, cheibrodos_sewer_entry_sluice
D:6:      layout_loops_cross, minitemple
D:7:      layout_basic, temple_statues, enter_bailey_3,
          hangedman_abyss_or_decor_stabs
Bailey:   bailey_axe_bossmonster_kennysheep, bailey

Skill      XL: |  1  2  3  4  5  6  7  8  9 |
---------------+----------------------------+-----
Spellcasting   | 10 | 10.3
Invocations    | 1 2 3 4 |  4.8
Short Blades   | 1 2 3 4 |  4.3
Long Blades    | 1 2 3 4 |  4.3
Axes           | 1 2 3 4 |  4.3
Maces & Flails | 1 2 3 4 |  4.3
Staves         | 1 2 3 4 |  4.3
Ranged Weapons | 1 2 3 4 |  4.3
Throwing       | 1 2 3 4 |  4.3
Armour         | 1 2 3 4 |  4.3
Shields        | 1 2 3 4 |  4.3
Unarmed Combat | 1 2 3 4 |  4.3
Evocations     | 1 2 3 4 |  4.3
Conjurations   | 1 2 3 |  3.6
Hexes          | 1 2 3 |  3.6
Summonings     | 1 2 3 |  3.6
Necromancy     | 1 2 3 |  3.6
Translocations | 1 2 3 |  3.6
Transmutations | 1 2 3 |  3.6
Fire Magic     | 1 2 3 |  3.6
Ice Magic      | 1 2 3 |  3.6
Air Magic      | 1 2 3 |  3.6
Earth Magic    | 1 2 3 |  3.6
Poison Magic   | 1 2 3 |  3.6
Shapeshifting  | 1 2 3 |  3.6
Fighting       | 3 4 5 |  5.1
Stealth        | 3 4 5 |  5.0
Polearms       | 5 6 |  6.4
Dodging        | 5 6 |  6.4

Action                     |  1- 3 |  4- 6 |  7- 9 || total
---------------------------+-------+-------+-------++-------
  Melee: Spear             |   136 |   228 |   273 ||   637
         Bite              |    11 |    14 |    42 ||    67
         Punch             |     2 |     1 |     6 ||     9
         Staff             |       |       |    58 ||    58
  Throw: Dart              |       |       |    20 ||    20
   Cast: Stone Arrow       |       |     4 |    80 ||    84
    Use: Potion            |       |     2 |     1 ||     3
         Scroll            |       |     3 |     1 ||     4
   Stab: Sleeping          |    10 |     6 |     5 ||    21
         Invisible         |       |     1 |       ||     1
         Distracted        |       |       |     1 ||     1
 Armour: Robe              |    14 |    43 |       ||    57
         Leather armour    |       |     1 |    71 ||    72
  Dodge: Dodged            |    55 |    99 |   194 ||   348

Table legend: (Time is in decaauts)
 A = Elapsed time spent in this place.
 B = Non-inter-level travel time spent in this place.
 C = Inter-level travel time spent in this place.
 D = Time resting spent in this place.
 E = Time spent auto-exploring this place.
 F = Levels seen in this place.
 G = Mean time per level.
                   A        B        C        D        E       F      G
               +--------+--------+--------+--------+--------+-----+--------+
         Total |   6918 |   6663 |    255 |    225 |   5028 |   9 |  768.7 |
       Dungeon |   6210 |   5955 |    255 |    225 |   4624 |   7 |  887.1 |
         Sewer |    499 |    499 |      0 |      0 |    275 |   1 |  499.0 |
        Bailey |    209 |    209 |      0 |      0 |    129 |   1 |  209.0 |
               +--------+--------+--------+--------+--------+-----+--------+

Top non-repeatable levels by time:
     D:6: 1660 daAuts
     D:1: 1049 daAuts
     D:2: 1019 daAuts
     D:4: 907 daAuts
     D:3: 696 daAuts
     D:5: 679 daAuts
   Sewer: 499 daAuts
  Bailey: 209 daAuts
     D:7: 197 daAuts
